AoeStats
← Sanguinius7193

Arena

509791597Analyzed
1v1 RM · 6d ago on Sep 28, 2026· 31m 17s· 2 players
Game mode
Random Map
Map size
Tiny (2 player)
Population
200
Speed
Normal
Resources
Standard
Victory
Conquest
Starting age
Dark Age
Ending age
Imperial Age
RankedLock teamsTeams togetherTeam positionsShared explorationLock speedFull tech treeHidden civsTurbo modeCheats
Victory
Defeat
🇺🇸 Vietnamese · United States
891
+15
🇵🇪 Poles · Peru
862
-15
RegularPeruvian
10:55 Feudal Age
11:59 Horse Collar
12:55 Double-Bit Axe
17:23 Castle Age
16:51 Loom
18:20 Bow Saw
18:14 Heavy Plow
21:01 Gold Mining
21:04 Stone Mining
23:48 Wheelbarrow
23:32 Town Watch
24:12 Scale Barding Armor
26:58 Imperial Age
25:08 Stone Shaft Mining
24:37 Town Patrol
25:58 Hand Cart
26:55 Chain Barding Armor
26:46 Forging
27:25 Sanctity
30:25 Iron Casting
29:43 Cavalier
Sanguinius7193
0:34 Loom
11:20 Feudal Age
15:39 Castle Age
13:40 Double-Bit Axe
13:48 Gold Mining
13:43 Horse Collar
17:30 Scale Mail Armor
17:44 Forging
20:33 Chain Mail Armor
22:42 Iron Casting
22:54 Squires
24:25 Wheelbarrow
25:42 Hand Cart
25:53 Bow Saw
Connection lost

Rejoining the realm…

Still unreachable

The connection could not be restored.

Session expired

The server has moved on; the page needs a fresh start.